 Dungeon Crawl Stone Soup version 0.31-a0-187-gba352fbbf7 (webtiles) character file.

Game seed: 1863493240826448302

379 qw the Skirmisher (level 6, -1/35 HPs)
             Began as a Deep Elf Hunter on June 22, 2023.
             Succumbed to a hornet's poison
             ... on level 7 of the Dungeon.
             The game lasted 00:01:12 (3150 turns).

qw the Skirmisher (Deep Elf Hunter)                 Turns: 3150, Time: 00:01:13

Health: -1/35      AC:  6    Str: 10    XL:     6   Next: 45%
Magic:  8/8        EV: 11    Int: 14    God:
Gold:   223        SH:  0    Dex: 18    Spells: 5/5 levels left

rFire   . . .        Y - +2 shortbow
rCold   . . .        (shield currently unavailable)
rNeg    . . .        f - +0 ring mail
rPois   .            m - +0 helmet
rElec   .            (no cloak)
rCorr   .            (no gloves)
SInv    .            (no boots)
Will    .....        d - amulet of faith
Stlth   +            (no ring)
HPRegen 0.25/turn    (no ring)
MPRegen 0.11/turn

%: faith
@: lethally poisoned (-1 -> -11), slowed, very slow
A: no striking features
a: no special abilities


You were on level 7 of the Dungeon.
You visited 1 branch of the dungeon, and saw 5 of its levels.

You collected 223 gold pieces.


   Skills:
 - Level 2.0 Fighting
 - Level 10.0 Ranged Weapons
 + Level 2.5 Dodging
 - Level 1.2 Stealth


You had 5 spell levels left.
You didn't know any spells.
Your spell library was empty.

Inventory:

Hand Weapons
 Y - a +2 shortbow (weapon)
Armour
 f - a +0 ring mail (worn)
 m - a +0 helmet (worn)
Jewellery
 a - an amulet of magic regeneration
 d - an amulet of faith (around neck)
Scrolls
 k - a scroll of identify
Potions
 b - a potion of ambrosia {unknown}
 c - a potion of attraction {unknown}
 e - 3 potions of curing
 g - a potion of resistance
 h - a potion of cancellation {unknown}
 i - a potion of berserk rage {unknown}
 j - 2 potions of heal wounds {unknown}
 n - a potion of mutation {unknown}
 o - a potion of might {unknown}

Dungeon Overview and Level Annotations

Branches:
Dungeon (4/15)
 Temple: D:4-7

Altars:


Message History

The jackal barely misses you.
You shoot an arrow. The arrow hits the jackal.
You kill the jackal!
The jackal closely misses you. The jackal barely misses you.
You shoot an arrow. The arrow hits the jackal!
You kill the jackal!
i - a metallic cyan potion
Enter note:
Enter note:
Enter note:
Enter note:
Enter note:
Enter note:
Enter note:
Enter note:
Enter note:
Found a stone staircase leading down.
e - 3 potions of curing (gained 1)
You see here a jackal corpse.
A sourceless malevolence fills the Dungeon...
You fall into a shaft and drop 3 floors!
The shaft crumbles and collapses.
k - a scroll of identify Waypoint 4 assigned to D:7.
Enter note: A hornet comes into view.
The hornet buzzes angrily.
You shoot an arrow. The arrow barely misses the hornet.
The hornet stings you!
You feel yourself slow down.
You shoot an arrow.
The arrow hits the hornet but does no damage.
You feel yourself speed up. The hornet stings you!
You feel yourself slow down. The hornet stings you.
You feel as though you will be slow longer.
The hornet stings you!
You are lethally poisoned!
You feel as though you will be slow longer.
You shoot an arrow. The arrow hits the hornet.
The hornet is lightly wounded.
You die...

..#. ###... ../..
#...# ....
######.. #.....y#
#.@# #.###..#
#......#
##.#####.##
..........#
##.#####..# .
..#####..# ..
.....##..#
#..........#######


You could see a hornet.

Vanquished Creatures
  Sigmund (D:4)
  A howler monkey (D:4)
  A hound (D:4)
  An orc wizard (D:4)
  3 adders
  3 worms
  2 dart slugs
  6 orcs
  9 ball pythons
  7 endoplasms
  3 giant cockroaches
  8 goblins
  9 hobgoblins
  7 jackals
  3 quokkas
  3 bats
  3 frilled lizards
  6 kobolds
  7 rats
83 creatures vanquished.

Notes
Turn   | Place    | Note
-------+----------+-------------------------------------------
     0 | D:1      | qw the Deep Elf Hunter began the quest for the Orb.
     0 | D:1      | Reached XP level 1. HP: 12/12 MP: 3/3
     0 | D:1      | 0 ||| qw: Version: 0.3-a-9-g12657ce
     0 | D:1      | 0 ||| qw: Game counter: 2117
     0 | D:1      | 0 ||| qw: Always use a shield: true
     0 | D:1      | 0 ||| qw: God list: Okawaru
     0 | D:1      | 0 ||| qw: Allow faded altars: false
     0 | D:1      | 0 ||| qw: Do Orc after D:15 true
     0 | D:1      | 0 ||| qw: Do second Lair branch before Depths: true
     0 | D:1      | 0 ||| qw: Lair rune preference: random
     0 | D:1      | 0 ||| qw: Plans: Normal
     0 | D:1      | 0 ||| PLANNING D:1-11
    68 | D:1      | Found a faded altar of an unknown god.
    83 | D:1      | Reached XP level 2. HP: 16/16 MP: 4/4
    87 | D:1      | Reached skill level 6 in Ranged Weapons
   213 | D:1      | 213 ||| FLEEEEING.
   214 | D:1      | 214 ||| FLEEEEING.
   215 | D:1      | 215 ||| FLEEEEING.
   216 | D:1      | 216 ||| FLEEEEING.
   217 | D:1      | 217 ||| FLEEEEING.
   218 | D:1      | 218 ||| FLEEEEING.
   219 | D:1      | 219 ||| FLEEEEING.
   220 | D:1      | 220 ||| FLEEEEING.
   221 | D:1      | 221 ||| FLEEEEING.
   222 | D:1      | 222 ||| FLEEEEING.
   223 | D:1      | 223 ||| FLEEEEING.
   224 | D:1      | 224 ||| FLEEEEING.
   225 | D:1      | 225 ||| FLEEEEING.
   226 | D:1      | 226 ||| FLEEEEING.
   855 | D:1      | Reached XP level 3. HP: 20/20 MP: 5/5
   989 | D:1      | 989 ||| UPGRADING to +0 helmet.
   994 | D:1      | 994 ||| DROPPING ring of flight.
   995 | D:1      | 995 ||| READING scroll labelled PUIGAT ISCHIMIB.
   996 | D:1      | 996 ||| READING scroll labelled ENYUNK REISYR.
   997 | D:1      | 997 ||| READING scroll labelled USSACI TESIAF.
   998 | D:1      | 998 ||| READING scroll labelled URCHORR COVUAMU.
   999 | D:1      | 999 ||| READING scroll labelled CANLIXK UFUMIFF.
  1004 | D:1      | 1004 ||| READING scroll labelled ARUSEXT RUCHU.
  1005 | D:1      | 1005 ||| DRINKING 2 fuming brown potions.
  1006 | D:1      | 1006 ||| DRINKING 2 fuming red potions.
  1007 | D:1      | 1007 ||| DROPPING scroll of butterflies.
  1008 | D:1      | 1008 ||| DROPPING potion of degeneration.
  1344 | D:2      | Reached skill level 7 in Ranged Weapons
  1663 | D:2      | HP: 5/20 [goblin/+2 dagger of electrocution (3)]
  1664 | D:2      | 1664 ||| READING scroll of teleportation.
  1664 | D:2      | HP: 2/20 [goblin/+2 dagger of electrocution (3)]
  1910 | D:2      | Reached XP level 4. HP: 15/25 MP: 6/6
  2085 | D:2      | 2085 ||| UPGRADING to +0 ring mail.
  2095 | D:2      | 2095 ||| DROPPING +0 leather armour.
  2096 | D:2      | 2096 ||| UPGRADING to amulet of faith.
  2101 | D:2      | 2101 ||| READING scroll labelled VIF OTEULOTA.
  2138 | D:3      | 2138 ||| STAIRDANCE
  2472 | D:3      | Reached skill level 8 in Ranged Weapons
  2619 | D:3      | 2619 ||| READING scroll labelled JOSAUL CINOESHOMM.
  2620 | D:3      | 2620 ||| DRINKING 3 sapphire potions.
  2671 | D:4      | Reached XP level 5. HP: 21/29 MP: 7/7
  2671 | D:4      | 2671 ||| FLEEEEING.
  2673 | D:4      | 2673 ||| FLEEEEING.
  2674 | D:4      | 2674 ||| FLEEEEING.
  2675 | D:4      | 2675 ||| FLEEEEING.
  2676 | D:4      | 2676 ||| FLEEEEING.
  2677 | D:4      | 2677 ||| FLEEEEING.
  2678 | D:4      | 2678 ||| STAIRDANCE
  2703 | D:4      | 2703 ||| STAIRDANCE
  2760 | D:4      | Noticed Sigmund
  2767 | D:4      | 2767 ||| DRINKING 2 potions of curing.
  2767 | D:4      | 2767 ||| (to cure confusion)
  2770 | D:4      | Killed Sigmund
  2771 | D:4      | Reached skill level 10 in Ranged Weapons
  2771 | D:4      | Reached XP level 6. HP: 19/34 MP: 8/8
  2920 | D:4      | 2920 ||| READING scroll of enchant weapon.
  2920 | D:4      | 2920 ||| ENCHANTING +1 shortbow.
  3111 | D:4      | You fall into a shaft and drop 3 floors!
  3147 | D:7      | Noticed a hornet
  3149 | D:7      | HP: 3/35 [hornet (8)]
  3150 | D:7      | Succumbed to a hornet's poison

Levels and vault maps discovered:
D:1:      matt_arrival_diagonals, layout_basic, ebering_ecumenical_altar_box
D:2:      kennysheep_big_flooded_room, layout_loops_corners
D:3:      layout_rooms
D:4:      layout_basic, uniq_sigmund, uniq_eustachio
D:7:      layout_basic, temple_statues, kennysheep_windowed_goal

Skill      XL: |  1  2  3  4  5  6 |
---------------+-------------------+-----
Ranged Weapons | 6 7 8 10 | 10.0
Fighting       | 2 |  2.0
Dodging        | |  2.5
Stealth        | |  1.2

Action                     |  1- 3 |  4- 6 || total
---------------------------+-------+-------++-------
   Fire: Shortbow          |   118 |   132 ||   250
    Use: Scroll            |     7 |     3 ||    10
         Potion            |     2 |     2 ||     4
 Armour: Leather armour    |    11 |       ||    11
         Ring mail         |       |    17 ||    17
  Dodge: Dodged            |    20 |    40 ||    60

Table legend:
 A = Non-vault XP
 B = Vault XP
 C = Vault XP percentage of total XP
 D = Non-vault monster count
 E = Vault monster count
 F = Vault count percentage of total count
                 A         B        C        D         E       F
            +---------+---------+-------+---------+---------+-------
      Total |     316 |     226 |  41.7 |      80 |       3 |   3.6
            +---------+---------+-------+---------+---------+-------
        D:1 |      42 |       0 |   0.0 |      26 |       0 |   0.0
        D:2 |      55 |       3 |   5.2 |      15 |       2 |  11.8
        D:3 |      66 |       0 |   0.0 |      24 |       0 |   0.0
        D:4 |     153 |     223 |  59.3 |      15 |       1 |   6.2
            +---------+---------+-------+---------+---------+-------
